 Dungeon Crawl Stone Soup version 0.21.1-74-g47da925 (webtiles) character file.

64540 Madoushi the Severer (level 14, -13/130 HPs)
             Began as a Minotaur Berserker on Aug 7, 2018.
             Was the Champion of Trog.
             Mangled by an orc warlord
             ... wielding a +0 war axe
              (41 damage)
             ... on level 1 of the Orcish Mines.
             The game lasted 00:49:05 (25044 turns).

Madoushi the Severer (Minotaur Berserker)          Turns: 25044, Time: 00:49:06

Health: -13/130    AC: 20    Str: 27    XL:     14   Next: 72%
Magic:  13/13      EV: 12    Int:  4    God:    Trog [******]
Gold:   1859       SH:  0    Dex: 10    Spells: 13/13 levels left

rFire    . . .     SeeInvis .   W - +2 broad axe (flame)
rCold    . . .     Gourm    +   (no shield)
rNeg     . . .     Faith    .   A - +0 plate armour
rPois    +         Spirit   .   (helmet restricted)
rElec    .         Reflect  .   E - +1 cloak
rCorr    .         Harm     .   (no gloves)
MR       ++...                  a - +0 pair of boots
Stlth    ..........             R - amulet of the gourmand
HPRegen  0.31/turn              D - ring of poison resistance
MPRegen  0.13/turn              u - ring of protection from magic

@: no status effects
A: retaliatory headbutt, horns 2
a: Berserk, Trog's Hand, Brothers in Arms, Burn Spellbooks, Renounce Religion


You were on level 1 of the Orcish Mines.
You worshipped Trog.
Trog was exalted by your worship.
You were not hungry.

You visited 3 branches of the dungeon, and saw 20 of its levels.

You collected 1859 gold pieces.

Inventory:

Hand Weapons
 f - a +3 hand axe of electrocution
 k - a +1 war axe of chopping
 n - a +3 hand axe
 W - a +2 broad axe of flaming (weapon)
Armour
 a - a +0 pair of boots (worn)
 s - a +0 large shield
 v - a +0 chain mail
 A - a +0 plate armour (worn)
 E - a +1 cloak (worn)
Jewellery
 d - a cursed ring of teleportation {unknown}
 e - an uncursed ring of protection from cold
 q - an uncursed ring of protection from magic
 t - an uncursed ring of magical power {unknown}
 u - a ring of protection from magic (right hand)
 B - an uncursed amulet of magic regeneration
 D - a ring of poison resistance (left hand)
 L - an uncursed ring of fire {unknown}
 O - an uncursed ring of magical power {unknown}
 R - an amulet of the gourmand (around neck)
 T - a +4 ring of evasion
 Y - a +2 ring of intelligence {unknown}
Wands
 z - a wand of acid (21)
 F - a wand of random effects (53)
 G - a wand of flame (46)
 H - a wand of paralysis (17)
 J - a wand of digging (21)
Scrolls
 j - 4 scrolls of enchant armour
 m - 4 scrolls of teleportation
 o - 6 scrolls of remove curse
 r - 5 scrolls of magic mapping
 w - 2 scrolls of fear
 y - 5 scrolls of fog
 M - a scroll of summoning
 Z - a scroll of identify
Potions
 b - a potion of ambrosia {unknown}
 h - 7 potions of curing
 i - 4 potions of agility
 l - 2 potions of resistance {unknown}
 p - a potion of flight {unknown}
 x - 4 potions of haste
 C - 2 potions of magic {unknown}
 I - a potion of berserk rage {unknown}
 K - 2 potions of might {unknown}
 N - a potion of invisibility {unknown}
 P - 2 potions of brilliance {unknown}
 V - 2 potions of cancellation {unknown}
 X - a potion of mutation {unknown}
Miscellaneous
 Q - a phial of floods
 U - a sack of spiders
Comestibles
 c - 27 rations


   Skills:
 + Level 13.7 Fighting
 + Level 17.6 Axes
 + Level 13.8 Armour
 + Level 11.3 Dodging
 - Level 1.1 Stealth
 + Level 11.2 Shields


You had 13 spell levels left.
You didn't know any spells.

Dungeon Overview and Level Annotations

Branches:
Dungeon (12/15)            Temple (0/1) D:4            Lair (6/6) D:10
  Swamp (0/4) Lair:2       Spider (0/4) Lair:3        Slime (0/5) Lair:5
    Orc (2/2) D:12
    Elf: Orc:2

Altars:
Ashenzari
Cheibriados
Dithmenos
Gozag
Hepliaklqana
Kikubaaqudgha
Nemelex Xobeh
Uskayaw
Wu Jian
Xom
Yredelemnul

Shops:
Orc:1 *

Annotations:
D:8 exclusion: ice statue


Innate Abilities, Weirdness & Mutations

You reflexively headbutt those who attack you in melee.
You have a pair of horns on your head.


Message History

There is a stone staircase leading up, spattered with blood here.
The orc warrior hits you with a halberd!
The orc closely misses you. The orc warrior barely misses you.
You furiously retaliate!
You headbutt the orc warrior!
The orc warlord hits you with a war axe!!!
The orc warlord hits you with a long sword of electrocution!!!
* * * LOW HITPOINT WARNING * * *
The orc barely misses you. You furiously retaliate!
You headbutt the orc, but do no damage.
You hear a shout! x5
You climb upwards.
There is a stone staircase leading down, spattered with blood here.
You feel much better. The orc hits you but does no damage.
The orc warrior hits you with a halberd!!
* * * LOW HITPOINT WARNING * * *
The orc warrior hits you with a halberd.
* * * LOW HITPOINT WARNING * * *
The orc warrior hits you but does no damage.
The orc warlord hits you with a war axe!!!
You die...

.....##.....^.......##...##...#
....###......#......#...#.##.##
...#.....8...................##
..............................#
.......8.∩.8.................####
......................#.#.....#.#
...#.....8.......................
.......#.......ooo)........##.#.#
...............o@o.....[.....#...
....>...)......[oo[..)...........
.................................
.......................#........#
......#.#..........#........#.###
.......#...............#.....##
.......##...............##...#
.....................#......## #
............#......#.##.....#####


You could see 2 orc warlords, 3 orc warriors and 2 orcs.

Vanquished Creatures
  Kirke (D:12)
  An orc warlord (Orc:2)
  Erolcha (D:9)
  Josephine (D:11)
  3 hydras
  Harold (D:11)
  Erica (Lair:2)
  A catoblepas (Lair:6)
  4 two-headed ogres
  5 death yaks (Lair:6)
  Nergalle (Lair:2)
  3 unseen horrors
  Pikel (D:6)
  2 ugly things (D:12)
  A wolf spider (Lair:3)
  A cyclops (D:12)
  Maurice (D:9)
  5 elephants
  8 black mambas
  Psyche (D:8)
  3 kobold demonologists (D:12)
  9 spiny frogs
  4 rime drakes
  The ghost of Madoushi the Shield-Bearer, a novice GrFi (D:5)
  The ghost of p0werm0de the Grave Robber, a novice OpNe of Cheibriados (D:6)
  5 komodo dragons
  3 jumping spiders (Lair:3)
  5 hornets (Lair:6)
  6 polar bears
  A queen bee (D:12)
  2 trolls (Orc:1)
  3 meliai (D:12)
  9 hippogriffs
  A dream sheep (Lair:6)
  21 blink frogs
  A water elemental (D:11)
  4 wraiths (D:11)
  43 yaks
  Grum (D:11)
  4 wyverns
  4 basilisks
  14 spriggans
  A steam dragon (Lair:3)
  A hungry ghost (D:10)
  Edmund (D:4)
  2 vampire mosquitoes (D:12)
  An acid dragon (D:8)
  10 water moccasins
  11 porcupines
  7 black bears
  10 orc warriors
  8 ogres
  A phantom (D:8)
  4 sky beasts
  A slave (D:6)
  34 wolves
  4 boggarts (Lair:6)
  7 centaurs
  16 crocodiles
  5 big kobolds
  15 bullfrogs
  2 scorpions
  38 killer bees
  3 spriggan skeletons (D:10)
  A howler monkey (D:6)
  3 electric eels
  6 crimson imps
  9 orc priests
  Crazy Yiuf (D:7)
  2 bullfrog skeletons
  3 hounds
  4 jellies
  4 centaur skeletons
  4 iguanas
  7 worker ants
  4 orc wizards
  A killer bee zombie (D:10)
  A hound zombie (D:5)
  A hound skeleton (D:10)
  14 gnolls
  13 adders
  6 shadow imps
  5 oozes
  An adder skeleton (D:8)
  4 worms
  33 orcs
  3 ball pythons
  15 giant cockroaches
  11 goblins
  8 hobgoblins
  4 quokkas
  5 bats
  5 frilled lizards
  20 kobolds
  A leopard gecko skeleton (D:3)
  11 rats
  9 fungi
  A plant (Lair:6)
590 creatures vanquished.

Vanquished Creatures (collateral kills)
  A catoblepas (Lair:6)
1 creature vanquished.

Vanquished Creatures (others)
  A human (D:12)
  3 slaves
  An ogre (D:7)
  A scorpion (D:6)
  A hound (D:6)
  A gnoll (D:9)
  An orc (D:6)
  A bush (D:6)
  5 fungi
  3 plants
18 creatures vanquished.

Grand Total: 609 creatures vanquished

Notes
Turn   | Place    | Note
-------+----------+-------------------------------------------
     0 | D:1      | Madoushi the Minotaur Berserker began the quest for the Orb.
     0 | D:1      | Reached XP level 1. HP: 19/19 MP: 0/0
   534 | D:1      | Reached XP level 2. HP: 27/27 MP: 1/1
   847 | D:2      | Reached skill level 4 in Axes
  1004 | D:2      | Reached XP level 3. HP: 22/33 MP: 2/2
  1105 | D:2      | Found a shadowy altar of Dithmenos.
  1116 | D:2      | Reached ** piety under Trog
  1920 | D:2      | Reached XP level 4. HP: 40/40 MP: 3/3
  1962 | D:3      | Reached skill level 5 in Axes
  2087 | D:3      | Found a basalt altar of Yredelemnul.
  2202 | D:3      | Found a hazy altar of Hepliaklqana.
  2606 | D:3      | Reached XP level 5. HP: 36/47 MP: 4/4
  3011 | D:4      | Reached skill level 6 in Axes
  3016 | D:4      | Reached *** piety under Trog
  3051 | D:4      | Reached XP level 6. HP: 49/53 MP: 5/5
  3090 | D:4      | Found a snail-covered altar of Cheibriados.
  3104 | D:4      | Found a staircase to the Ecumenical Temple.
  3239 | D:4      | Noticed Edmund
  3245 | D:4      | Killed Edmund
  3245 | D:4      | Reached skill level 7 in Axes
  3637 | D:5      | Entered Level 5 of the Dungeon
  3641 | D:5      | Reached skill level 5 in Fighting
  3641 | D:5      | Reached skill level 8 in Axes
  3641 | D:5      | Reached XP level 7. HP: 61/61 MP: 6/6
  3717 | D:5      | Reached skill level 9 in Axes
  3948 | D:5      | Noticed Madoushi's ghost (novice GrFi)
  3959 | D:5      | Killed Madoushi's ghost
  3959 | D:5      | Reached skill level 10 in Axes
  3959 | D:5      | Reached XP level 8. HP: 69/69 MP: 7/7
  4152 | D:5      | Found an ornate altar of the Wu Jian Council.
  4154 | D:5      | Found an ancient bone altar of Kikubaaqudgha.
  4562 | D:6      | Noticed Pikel
  4573 | D:6      | Killed Pikel
  4573 | D:6      | Reached skill level 11 in Axes
  4573 | D:6      | Reached skill level 5 in Armour
  4583 | D:6      | Reached XP level 9. HP: 77/77 MP: 8/8
  4691 | D:6      | Reached **** piety under Trog
  4777 | D:6      | Reached skill level 12 in Axes
  5054 | D:6      | Noticed p0werm0de's ghost (novice OpNe)
  5082 | D:6      | Killed p0werm0de's ghost
  5357 | D:6      | Found a shimmering altar of Xom.
  6039 | D:7      | Found a shattered altar of Ashenzari.
  6048 | D:7      | Reached skill level 13 in Axes
  6072 | D:7      | Found a flagged portal.
  6309 | D:7      | Reached XP level 10. HP: 80/86 MP: 9/9
  7092 | D:7      | Found a runed door.
  7096 | D:7      | Noticed Crazy Yiuf
  7100 | D:7      | Killed Crazy Yiuf
  7601 | D:8      | Reached skill level 14 in Axes
  7608 | D:8      | Noticed an ice statue
  7690 | D:8      | Noticed a two-headed ogre
  7699 | D:8      | Killed a two-headed ogre
  7699 | D:8      | Reached skill level 1 in Stealth
  7981 | D:8      | Noticed Psyche
  7989 | D:8      | Killed Psyche
  8110 | D:8      | Reached ***** piety under Trog
  8820 | D:9      | Noticed a two-headed ogre
  8834 | D:9      | Killed a two-headed ogre
  8834 | D:9      | Reached skill level 1 in Shields
  9142 | D:9      | Noticed Maurice
  9150 | D:9      | Killed Maurice
  9150 | D:9      | Reached skill level 5 in Dodging
  9277 | D:9      | Noticed Erolcha
  9285 | D:9      | Killed Erolcha
  9285 | D:9      | Reached XP level 11. HP: 97/97 MP: 10/10
  9322 | D:9      | Found a hide-covered altar of Uskayaw.
  9421 | D:9      | Reached skill level 15 in Axes
  9620 | D:9      | Found an opulent altar of Gozag.
  9621 | D:9      | Found a sparkling altar of Nemelex Xobeh.
  9997 | D:10     | Entered Level 10 of the Dungeon
 10205 | D:10     | Noticed a two-headed ogre
 10219 | D:10     | Killed a two-headed ogre
 10308 | D:10     | Found a staircase to the Lair.
 10512 | D:10     | Received a gift from Trog
 10650 | D:10     | Killed an unseen horror
 10853 | Lair:1   | Entered Level 1 of the Lair of Beasts
 10915 | Lair:1   | Reached skill level 10 in Armour
 11155 | Lair:1   | Reached skill level 10 in Fighting
 11159 | Lair:1   | Reached skill level 5 in Shields
 12322 | Lair:1   | Reached XP level 12. HP: 88/107 MP: 11/11
 12617 | Lair:2   | Found a staircase to the Swamp.
 13212 | Lair:2   | Noticed Nergalle
 13222 | Lair:2   | Killed Nergalle
 13552 | Lair:2   | Noticed Erica
 13572 | Lair:2   | Killed Erica
 13692 | Lair:2   | Reached skill level 16 in Axes
 14357 | Lair:3   | Found a hole to the Spider Nest.
 14361 | Lair:3   | Received a gift from Trog
 15136 | Lair:3   | Reached XP level 13. HP: 107/116 MP: 12/12
 17634 | Lair:5   | Found a staircase to the Slime Pits.
 17938 | Lair:6   | Entered Level 6 of the Lair of Beasts
 17945 | Lair:6   | Reached ****** piety under Trog
 18700 | Lair:6   | Paralysed by a hornet for 1 turns
 18917 | Lair:6   | Reached skill level 10 in Dodging
 18960 | Lair:6   | Received a gift from Trog
 18986 | Lair:6   | Reached skill level 17 in Axes
 19515 | Lair:6   | Reached skill level 10 in Shields
 19538 | Lair:6   | Reached XP level 14. HP: 95/127 MP: 13/13
 20962 | D:11     | Received a gift from Trog
 21040 | D:11     | Noticed Harold
 21059 | D:11     | Killed Harold
 21309 | D:11     | Noticed Josephine
 21323 | D:11     | Killed Josephine
 21663 | D:11     | Noticed Grum
 21675 | D:11     | Killed Grum
 22460 | D:12     | Noticed Kirke
 22468 | D:12     | Killed Kirke
 23389 | D:12     | Found a staircase to the Orcish Mines.
 23770 | Orc:1    | Entered Level 1 of the Orcish Mines
 24050 | Orc:1    | Found Qaowul's Assorted Antiques.
 24298 | Orc:1    | Found a shimmering altar of Xom.
 24357 | Orc:2    | Entered Level 2 of the Orcish Mines
 24380 | Orc:2    | Noticed an orc warlord
 24403 | Orc:2    | Killed an orc warlord
 24655 | Orc:2    | Noticed an orc warlord
 24657 | Orc:2    | Noticed an orc warlord
 25044 | Orc:1    | Mangled by an orc warlord

Skill      XL: |  1  2  3  4  5  6  7  8  9 10 11 12 13 14 |
---------------+-------------------------------------------+-----
Axes           | 4 5 6 8 10 11 13 14 15 16 17 | 17.6
Fighting       | 4 5 6 7 9 10 11 12 13 | 13.7
Armour         | 3 4 5 7 9 10 11 12 13 | 13.8
Dodging        | 3 4 5 7 8 10 11 | 11.3
Stealth        | 1 |  1.1
Shields        | 2 5 8 10 11 | 11.2

Action                   |  1- 3 |  4- 6 |  7- 9 | 10-12 | 13-15 || total
-------------------------+-------+-------+-------+-------+-------++-------
Melee: Hand axe          |    90 |   106 |   194 |   578 |   699 ||  1667
       Headbutt          |    14 |    27 |    38 |   138 |   163 ||   380
       Broad axe         |       |       |       |       |    72 ||    72
Invok: Berserk           |       |     1 |     4 |     5 |     8 ||    18
       Burn Spellbooks   |       |       |       |     3 |     3 ||     6
       Trog's Hand       |       |       |       |     1 |       ||     1
       Brothers in Arms  |       |       |       |       |     1 ||     1
Evoke: Wand              |       |       |       |     8 |       ||     8
  Use: Scroll            |       |    10 |     2 |     8 |     6 ||    26
       Potion            |       |       |       |     1 |     5 ||     6
  Eat: Chunk             |     1 |     2 |     5 |    19 |     5 ||    32
       Ration            |     1 |     1 |     2 |     4 |    10 ||    18
Armor: Animal skin       |     8 |       |       |       |       ||     8
       Leather armour    |    10 |    15 |       |       |       ||    25
       Chain mail        |       |     8 |    68 |   103 |       ||   179
       Plate armour      |       |       |       |   140 |   441 ||   581
Dodge: Dodged            |    59 |    65 |    63 |   220 |   399 ||   806
